 Dungeon Crawl Stone Soup version 0.29.1-13-g9f3cf754e1 (webtiles) character file.

Game seed: 13061898906638011448

968 tizbic2 the Shooter (level 7, 0/55 HPs)
             Began as a Demonspawn Hunter on Feb 9, 2023.
             Was an Initiate of Ashenzari.
             Slain by Duvessa
             ... wielding a +4 short sword of speed
              (14 damage)
             ... on level 5 of the Dungeon.
             The game lasted 00:24:47 (5459 turns).

tizbic2 the Shooter (Demonspawn Hunter)             Turns: 5459, Time: 00:24:48

Health: 0/55       AC: 10    Str: 11    XL:     7   Next: 93%
Magic:  10/10      EV: 11    Int: 11    God:    Ashenzari [......]
Gold:   119        SH:  0    Dex: 25    Spells: 8/10 levels left

rFire   . . .      SeeInvis .   a - +5 mace of the Hills {venom, rPois Dex+7 Stlth+}
rCold   . . .      Faith    .   (no shield)
rNeg    . . .      Spirit   .   s - +0 ring mail
rPois   +          Reflect  .   (helmet restricted)
rElec   .          Harm     .   (no cloak)
rCorr   .          Rampage  .   (no gloves)
Will    .....                   (no boots)
Stlth   +++.......              (no amulet)
HPRegen 0.18/turn               n - +4 ring of protection
MPRegen 0.12/turn               g - ring of wizardry

@: no status effects
A: antennae 1, sharp scales 1, demonic magic 1
a: Renounce Religion


You were on level 5 of the Dungeon.
You worshipped Ashenzari.
Ashenzari was noncommittal.
You visited 2 branches of the dungeon, and saw 6 of its levels.

You collected 119 gold pieces.

Inventory:

Hand Weapons
 a - the +5 mace of the Hills (weapon) {venom, rPois Dex+7 Stlth+}
   (You found it on level 5 of the Dungeon)

   It poisons the flesh of those it strikes.
   Dex:       It affects your dexterity (+7).
   rPois:     It protects you from poison.
   Stlth:     It makes you more stealthy.
 e - a +1 dagger of electrocution
 f - a +0 sling
 w - a +0 shortbow
 A - a +0 rapier
Missiles
 m - 2 boomerangs
Armour
 c - a scarf of shadows
 j - a +0 chain mail
 s - a +0 ring mail (worn)
 u - a +0 scale mail
 C - a +2 pair of boots
Jewellery
 g - a ring of wizardry (right hand)
 k - an amulet of faith
 n - a +4 ring of protection (left hand)
 r - a ring of fire
 x - a ring of fire
Wands
 B - a wand of iceblast (7)
Scrolls
 b - a scroll of immolation
 h - 2 scrolls of amnesia
 l - a scroll of fear
 p - 2 scrolls of magic mapping
 y - a scroll of enchant armour {unknown}
Potions
 d - 2 potions of heal wounds
 i - a potion of might
 o - a potion of brilliance
 q - 2 potions of mutation
 t - a potion of magic
 v - a potion of flight
 z - a potion of haste {unknown}


   Skills:
 + Level 4.5 Fighting
 * Level 6.6 Ranged Weapons
 + Level 3.2 Armour
 - Level 1.7 Dodging
 - Level 0.8 Stealth
 + Level 2.3 Spellcasting
 + Level 2.2 Hexes


You had 8 spell levels left.
You knew the following spells:

 Your Spells              Type           Power      Damage    Failure   Level
a - Ensorcelled Hibernat  Hex/Ice        6%         N/A       24%         2

Your spell library contained the following spells:

 Spells                   Type           Power      Damage    Failure   Level
 Spider Form              Tmut/Pois      1%         N/A       56%         3
 Anguish                  Hex/Necr       1%         N/A       82%         4


Dungeon Overview and Level Annotations

Branches:
Dungeon (5/15)             Temple (1/1) D:5

Altars:
Ashenzari
Cheibriados
Dithmenos
Fedhas
Gozag
Hepliaklqana
Kikubaaqudgha
Makhleb
Nemelex Xobeh
Okawaru
Qazlal
Ru
Sif Muna
Trog
Vehumet
Xom
Yredelemnul

Shops:
D:4 =

Annotations:
D:5 Duvessa


Innate Abilities, Weirdness & Mutations

You have a pair of small antennae on your head.
You are partially covered in razor-sharp scales. (AC +1, Slay +1)
Spells you cast may paralyse adjacent enemies.


Message History

There is a staircase to the Ecumenical Temple here.
You open the door.
There is an open door here.
There is an open door here.
Fire: w) +0 shortbow
Press: ? - help, Q - select action, (/) - cycle Shift-Dir - straight line, f - Duvessa
Aim: Duvessa, wielding a +4 short sword of speed and wearing a +0 ring mail (wandering, hasn't noticed you, 73% to hit)
You shoot an arrow. The arrow hits Duvessa.
Duvessa is lightly wounded.
Duvessa goes berserk!
Fire: w) +0 shortbow
Press: ? - help, Q - select action, (/) - cycle Shift-Dir - straight line, f/p - Duvessa
Aim: Duvessa, wielding a +4 short sword of speed and wearing a +0 ring mail (lightly wounded, berserk, 73% to hit)
You shoot an arrow.
The arrow hits Duvessa but does no damage.
Duvessa is lightly wounded.
Duvessa rages.
Fire: w) +0 shortbow
Press: ? - help, Q - select action, (/) - cycle Shift-Dir - straight line, f/p - Duvessa
Aim: Duvessa, wielding a +4 short sword of speed and wearing a +0 ring mail (lightly wounded, berserk, 73% to hit)
You shoot an arrow. The arrow closely misses Duvessa.
You feel agile.
The +5 mace of the Hills {venom, rPois Dex+7 Stlth+} begins to drip with poison!
a - the +5 mace of the Hills (weapon)
{venom, rPois Dex+7 Stlth+} You hear an angry hiss.
You hit Duvessa.
Duvessa is lightly wounded.
Duvessa misses you.
Duvessa hits you with a +4 short sword of speed! x2
You hit Duvessa.
Duvessa is lightly wounded.
Duvessa hits you with a +4 short sword of speed! x2
An adder comes into view.
Duvessa hits you with a +4 short sword of speed.
* * * LOW HITPOINT WARNING * * *
You hit Duvessa but do no damage.
Duvessa is lightly wounded.
Duvessa misses you.
Duvessa hits you with a +4 short sword of speed!
You die...

.. #....####+#.....#..#
.. ..
#....##...#.....#..#
#....#.........#.....#..#
#....#.........#.....#..#
#..............#....##..#
..#...##..##...#....#...#
...#.#..#.####'#....#...#
#..#....#..#...'....#...#
.##....#...#...#@...#...#
....>.....##.###e...#####
.#....##...#'# .........
#....#..#....#..........
#..#.#.......#..........
.##...#......#..........
.........+...#.S........
...#.....#...#..........
####.....#+###


You could see Duvessa (berserk) and an adder.

Vanquished Creatures
  Sigmund (D:2)
  Menkaure (D:4)
  An ice beast (D:5)
  A phantom (D:4)
  2 scorpions (D:4)
  Dowan (D:5)
  2 jellies (D:4)
  2 hounds
  An orc wizard (D:4)
  6 gnolls
  9 adders
  An ufetubus (D:4)
  4 worms
  3 dart slugs
  6 orcs
  7 endoplasms
  A giant cockroach (D:2)
  6 goblins
  6 hobgoblins
  10 jackals
  6 ball pythons
  6 bats
  2 frilled lizards (D:1)
  8 kobolds
  4 rats
97 creatures vanquished.

Notes
Turn   | Place    | Note
-------+----------+-------------------------------------------
     0 | D:1      | tizbic2 the Demonspawn Hunter began the quest for the Orb.
     0 | D:1      | Reached XP level 1. HP: 16/16 MP: 1/1
   515 | D:1      | Gained mutation: You have a pair of small antennae on your
                  | head. [demonic ancestry]
   515 | D:1      | Reached XP level 2. HP: 22/22 MP: 2/2
   629 | D:1      | Reached skill level 4 in Ranged Weapons
  1101 | D:2      | Noticed Sigmund
  1246 | D:2      | Found a faded altar of an unknown god.
  1253 | D:2      | Gained mutation: Spells you cast may paralyse adjacent
                  | enemies. [demonic ancestry]
  1253 | D:2      | Reached XP level 3. HP: 28/28 MP: 3/3
  1312 | D:2      | Killed Sigmund
  1313 | D:2      | Reached skill level 5 in Ranged Weapons
  1313 | D:2      | Reached skill level 1 in Armour
  1313 | D:2      | Reached XP level 4. HP: 18/35 MP: 4/4
  1313 | D:2      | Gained mutation: You are partially covered in razor-sharp
                  | scales. (AC +1, Slay +1) [demonic ancestry]
  1313 | D:2      | Reached XP level 5. HP: 21/41 MP: 5/5
  2047 | D:2      | Found a sparkling altar of Nemelex Xobeh.
  2272 | D:2      | Reached XP level 6. HP: 13/47 MP: 6/6
  2594 | D:3      | Learned a level 2 spell: Ensorcelled Hibernation
  3108 | D:3      | Found an opulent altar of Gozag.
  3112 | D:3      | Found a radiant altar of Vehumet.
  3114 | D:3      | Found a blossoming altar of Fedhas.
  3114 | D:3      | Found a bloodstained altar of Trog.
  3114 | D:3      | Found a snail-covered altar of Cheibriados.
  3119 | D:3      | Found a sparkling altar of Nemelex Xobeh.
  3822 | D:4      | Reached skill level 1 in Spellcasting
  3990 | D:4      | Reached skill level 1 in Hexes
  3990 | D:4      | Reached XP level 7. HP: 46/54 MP: 9/9
  4001 | D:4      | Reached skill level 6 in Ranged Weapons
  4300 | D:4      | Noticed Menkaure
  4306 | D:4      | Killed Menkaure
  4688 | D:4      | Found Neegiph's Jewellery Emporium.
  4753 | D:5      | Entered Level 5 of the Dungeon
  4932 | D:5      | Identified the +5 mace of the Hills {venom, rPois Dex+7
                  | Stlth+}
  5261 | D:5      | Found a staircase to the Ecumenical Temple.
  5261 | D:5      | Noticed Dowan
  5263 | D:5      | Noticed Duvessa
  5282 | D:5      | Killed Dowan
  5322 | Temple   | Entered the Ecumenical Temple
  5371 | Temple   | Became a worshipper of Ashenzari the Shackled
  5459 | D:5      | Slain by Duvessa

Illustrated notes

Levels and vault maps discovered:
D:1:      mrwooster_arrival_statue_2, layout_loops_corners
D:2:      layout_loops_ring, hellmonk_ecumenical_altar_dog_temple, basic_altar,
          minmay_splitting_lines, chequers_hall_statues_corner_a, uniq_sigmund
D:3:      layout_basic, minitemple, minivault_24
D:4:      layout_layer_cave, serial_shops, shop, uniq_menkaure
D:5:      layout_gridville, minmay_temple_entry_mini_moons, uniq_duvessa
Temple:   nicolae_temple_bog_church

Skill      XL: |  1  2  3  4  5  6  7 |
---------------+----------------------+-----
Ranged Weapons | 4 5 6 |  6.6
Fighting       | 3 4 |  4.5
Armour         | 1 2 3 |  3.2
Spellcasting   | 1 2 |  2.3
Hexes          | 1 2 |  2.2
Dodging        | |  1.7
Stealth        | |  0.8

Action                   |  1- 3 |  4- 6 |  7- 9 || total
-------------------------+-------+-------+-------++-------
Melee: Dagger            |       |    31 |    24 ||    55
       Shortbow          |       |     1 |       ||     1
       Mace              |       |       |    13 ||    13
       Punch             |       |       |     1 ||     1
 Fire: Shortbow          |    74 |   185 |    49 ||   308
  Use: Scroll            |     2 |    11 |       ||    13
       Potion            |       |     1 |       ||     1
Armor: Leather armour    |    17 |    30 |       ||    47
       Chain mail        |     3 |       |       ||     3
       Ring mail         |       |    81 |    20 ||   101
Dodge: Dodged            |    26 |   118 |    31 ||   175
